Map: [ESL] Radhuset Station

Players

Serral

  • Race: Zerg Zerg
  • Spawn Location: 7:00

Reynor - Winner!

  • Race: Protoss Protoss
  • League: Master
  • Spawn Location: 1:00

Event: HomeStory Cup XXIV

VOD

Have the link to the VOD?

Description

Time

  • Played on: Dec. 3, 2023, 3:07 p.m.
  • Length: 35:08

All games in this series

Show
View Real Time Build Order
Export as new Build Order

Serral Zerg 

Build Orders: Hatch First, Lurkers, Swarm Host 

Get SALT Encoding   

  12  0:00  Drone  
  13  0:11  Overlord  
  13  0:17  Drone  
  14  0:30  Drone x2  
  16  0:48  Hatchery  
  15  0:51  Drone  
  15  0:55  Drone  
  17  0:58  Drone  
  18  1:09  Extractor  
  17  1:14  Spawning Pool  
  17  1:17  Drone  
  17  1:21  Drone  
  18  1:27  Drone  
  19  1:38  Drone  
  20  1:49  Drone  
  21  2:00  Queen x2  
  26  2:01  Zergling x2, Overlord  
  26  2:10  Drone  
  26  2:11  Drone  
  28  2:21  Drone  
  28  2:22  Drone  
  30  2:35  Hatchery  
  29  2:37  Drone  
  29  2:40  Drone  
  29  2:41  Queen  
  33  2:46  Overlord  
  33  2:48  Drone  
  34  2:53  Drone  
  34  2:54  Drone  
  36  3:03  Overlord  
  36  3:05  Queen  
  36  3:07  Drone  
  36  3:10  Drone x2  
  36  3:11  Drone  
  42  3:15  Drone  
  42  3:17  Drone  
  44  3:21  Queen  
  44  3:26  Drone  
  47  3:28  Overlord  
  47  3:37  Drone  
  47  3:39  Drone  
  49  3:42  Zergling x2  
  49  3:44  Overlord  
  50  3:50  Zergling x2  
  50  3:51  Drone x5  
  50  3:53  Spore Crawler  
  50  3:54  Spore Crawler  
  54  3:58  Queen  
  54  4:00  Drone x2  
  58  4:04  Overlord  
  58  4:08  Drone, Lair  
  59  4:11  Overlord  
  59  4:14  Zergling x2  
  59  4:15  Drone  
  61  4:18  Drone x2  
  61  4:21  Drone x2  
  61  4:23  Overlord  
  65  4:28  Drone  
  66  4:31  Drone x2  
  66  4:32  Drone x2  
  66  4:38  Roach Warren, Overlord  
  70  4:39  Drone  
  70  4:41  Drone  
  71  4:48  Drone  
  71  4:51  Drone x6, Extractor x2  
  71  4:52  Extractor  
  75  4:54  Drone  
  75  4:55  Drone  
  75  4:59  Pneumatized Carapace  
  77  5:00  Drone  
  77  5:03  Extractor  
  77  5:04  Extractor  
  77  5:05  Drone x4  
  77  5:06  Overseer  
  80  5:09  Evolution Chamber  
  80  5:11  Drone  
  80  5:15  Drone, Overlord  
  80  5:16  Drone  
  80  5:18  Glial Reconstitution  
  80  5:19  Drone x2  
  80  5:20  Drone x2  
  80  5:21  Spore Crawler  
  84  5:26  Drone x3  
  82  5:36  Drone x3, Zerg Missile Weapons Level 1, Infestation Pit  
  82  5:39  Overlord x2  
  84  5:50  Overlord  
  84  5:51  Overlord  
  83  5:59  Roach x7  
  97  6:09  Roach x4  
  105  6:15  Hatchery  
  104  6:20  Hydralisk Den  
  104  6:23  Metabolic Boost  
  102  6:27  Roach  
  102  6:28  Roach x6  
  116  6:34  Overlord  
  116  6:38  Overlord x4  
  112  6:56  Drone  
  112  6:57  Drone x4  
  112  6:58  Swarm Host  
  112  6:59  Swarm Host x3  
  128  7:01  Swarm Host x3  
  128  7:03  Nydus Network  
  128  7:05  Drone  
  137  7:08  Swarm Host x2  
  137  7:15  Zergling x8  
  153  7:24  Overlord x2  
  153  7:27  Overlord  
  153  7:28  Zergling x4  
  153  7:29  Zergling x4  
  157  7:32  Zerg Missile Weapons Level 2  
  157  7:38  Zergling x10  
  157  7:40  Nydus Canal  
  158  7:44  Zergling x8  
  158  7:50  Zergling x8  
  166  7:57  Nydus Canal  
  166  8:02  Zergling x16  
  166  8:04  Hive  
  164  8:15  Roach x7  
  178  8:20  Roach x2  
  178  8:26  Overlord x2  
  171  8:34  Drone x7  
  178  8:43  Zergling x12, Lurker Den  
  183  8:52  Nydus Canal  
  183  8:55  Zergling x12  
  188  9:06  Extractor x2  
  188  9:07  Nydus Canal  
  188  9:09  Drone x3  
  189  9:12  Drone x3  
  189  9:13  Drone  
  189  9:14  Evolution Chamber  
  192  9:17  Zergling x8  
  196  9:26  Overseer  
  196  9:27  Grooved Spines  
  196  9:30  Lurker Den  
  190  9:33  Nydus Canal  
  190  9:40  Seismic Spines  
  190  9:41  Zerg Ground Armor Level 1  
  190  9:45  Hydralisk x5  
  200  9:56  Burrow  
  200  10:06  Spore Crawler  
  199  10:17  Muscular Augments  
  199  10:18  Nydus Canal  
  196  10:26  Spire  
  196  10:27  Spire  
  185  10:37  Nydus Canal, Adaptive Talons  
  185  10:42  Drone x2  
  174  10:43  Drone, Hydralisk x9  
  174  10:45  Hatchery  
  174  10:46  Zerg Missile Weapons Level 3  
  175  10:59  Nydus Canal  
  175  11:00  Overlord x2  
  175  11:03  Overlord  
  175  11:04  Overlord  
  168  11:05  Lurker  
  168  11:06  Lurker x4  
  173  11:17  Overseer  
  173  11:19  Nydus Canal  
  173  11:20  Lurker x5  
  173  11:25  Overseer  
  177  11:30  Spine Crawler  
  177  11:31  Drone x3, Spine Crawler x3  
  177  11:32  Extractor x2, Drone  
  175  11:33  Drone x2, Hydralisk x3  
  175  11:38  Zerg Melee Weapons Level 1  
  183  11:44  Hydralisk x3  
  183  11:45  Zergling x20  
  196  12:11  Drone x3, Hydralisk  
  196  12:12  Zergling x2  
  199  12:20  Zerg Flyer Weapons Level 1, Greater Spire  
  194  12:33  Hydralisk x5  
  194  12:34  Zergling x2  
  193  12:43  Corruptor x6  
  185  13:00  Nydus Canal  
  185  13:03  Lurker x2  
  185  13:05  Zergling x20  
  197  13:09  Lurker x3  
  197  13:12  Spore Crawler  
  199  13:14  Spore Crawler  
  199  13:15  Spore Crawler  
  193  13:23  Zerg Ground Armor Level 2  
  191  13:31  Brood Lord x4  
  199  13:34  Nydus Canal  
  199  13:45  Overlord  
  199  13:54  Brood Lord  
  199  13:57  Brood Lord  
  196  14:03  Corruptor x2  
  196  14:05  Overseer, Zerg Melee Weapons Level 2  
  200  14:14  Zerg Flyer Weapons Level 2  
  200  14:16  Ultralisk Cavern, Zerg Flyer Armor Level 1  
  192  14:59  Queen x2  
  190  15:11  Brood Lord x2  
  194  15:15  Drone x5  
  199  15:35  Drone x2, Hatchery  
  199  15:38  Roach  
  199  15:39  Adrenal Glands, Chitinous Plating  
  191  15:55  Drone x2  
  183  16:04  Drone x2  
  183  16:05  Drone x2  
  181  16:11  Drone x2  
  181  16:12  Drone  
  181  16:16  Spore Crawler  
  181  16:17  Spore Crawler  
  172  16:21  Zerg Ground Armor Level 3  
  172  16:24  Overlord x4  
  172  16:25  Infestor x6  
  166  16:27  Overlord x2  
  166  16:31  Zergling x22  
  166  16:32  Zergling x12  
  189  16:39  Spore Crawler  
  188  16:40  Spore Crawler  
  187  16:47  Spore Crawler  
  187  16:48  Spore Crawler  
  187  16:49  Spore Crawler, Nydus Canal  
  187  16:51  Drone x7  
  187  16:52  Drone x3  
  183  16:55  Zerg Flyer Armor Level 2, Zerg Flyer Weapons Level 3  
  183  16:57  Spore Crawler x2, Anabolic Synthesis  
  183  16:58  Spore Crawler  
  178  17:02  Zergling x10  
  183  17:19  Overlord  
  183  17:20  Overseer  
  183  17:29  Extractor  
  170  17:30  Extractor  
  170  17:36  Nydus Canal  
  163  17:39  Drone x6, Spore Crawler  
  163  17:40  Spore Crawler  
  163  17:41  Spine Crawler x2  
  163  17:42  Neural Parasite, Spine Crawler  
  163  17:43  Spore Crawler  
  163  17:45  Spore Crawler  
  156  18:01  Drone x7  
  156  18:02  Drone x4  
  163  18:06  Corruptor x7  
  163  18:07  Corruptor  
  163  18:09  Overseer  
  177  18:18  Zergling x16  
  182  18:31  Drone  
  182  18:32  Drone x5  
  182  18:33  Zerg Melee Weapons Level 3  
  179  18:53  Infestor x2  
  179  18:54  Infestor  
  183  19:05  Drone x2  
  183  19:06  Drone  
  183  19:08  Spine Crawler  
  185  19:13  Nydus Canal  
  185  19:15  Overseer  
  185  19:21  Zerg Flyer Armor Level 3  
  185  19:25  Overseer  
  185  19:50  Spore Crawler  
  185  19:52  Spore Crawler  
  183  19:53  Spore Crawler  
  183  19:57  Corruptor  
  172  20:41  Overlord  
  154  20:52  Brood Lord x3  
  154  20:53  Corruptor x6  
  174  21:08  Hydralisk x10  
  174  21:10  Queen x2  
  194  21:32  Infestor x2  
  184  21:33  Infestor x4  
  184  21:35  Zergling x10  
  196  21:44  Hydralisk x4  
  196  21:45  Zergling x20  
  197  21:53  Zergling x8  
  198  21:55  Nydus Canal  
  198  21:56  Overseer  
  198  22:00  Zergling x10  
  197  22:04  Zergling x4  
  194  22:26  Zergling x12  
  196  23:00  Spore Crawler x5  
  196  23:01  Brood Lord  
  189  23:17  Overseer  
  183  23:26  Zergling x10  
  183  23:27  Zergling x22  
  199  23:29  Spore Crawler  
  199  23:30  Spore Crawler  
  192  23:50  Nydus Canal  
  185  23:58  Infestor x3  
  185  24:00  Queen  
  185  24:01  Queen x4  
  185  24:02  Spore Crawler  
  176  24:03  Spore Crawler  
  176  24:05  Hydralisk x3  
  176  24:06  Hydralisk x6  
  182  24:25  Infestor x9  
  175  24:31  Drone x10  
  175  24:36  Viper x2  
  175  24:37  Corruptor x5  
  178  24:42  Corruptor  
  178  24:43  Corruptor x3  
  186  24:51  Extractor  
  185  24:53  Extractor  
  185  24:54  Nydus Canal  
  185  24:55  Overlord  
  185  24:59  Overseer x2  
  182  25:00  Corruptor x5  
  182  25:04  Overseer  
  186  25:07  Corruptor x4  
  186  25:12  Lurker x3  
  186  25:13  Zergling x2, Hatchery  
  193  25:21  Zergling x4  
  194  25:22  Zergling x10  
  199  25:44  Zergling x2  
  194  25:50  Lurker x2  
  194  25:53  Zergling x8, Spore Crawler  
  194  25:55  Spore Crawler  
  188  26:20  Zergling x24  
  188  26:21  Zergling x2  
  195  26:29  Drone x6  
  178  26:43  Hydralisk x4  
  178  26:44  Zergling x18  
  194  26:48  Extractor  
  196  27:01  Zergling x14  
  192  27:15  Corruptor x4  
  173  27:37  Brood Lord  
  173  27:53  Brood Lord x4  
  181  28:06  Infestor x3  
  187  28:13  Hatchery  
  187  28:19  Hatchery  
  184  28:39  Drone  
  175  28:52  Hydralisk x5, Hatchery  
  175  28:53  Hydralisk x2  
  175  28:54  Extractor  
  175  28:55  Extractor  
  185  29:04  Lurker x4  
  188  29:45  Ultralisk x2  
  198  30:07  Infestor x7  
  196  30:37  Infestor x2  
  193  31:00  Infestor x6  
  191  31:15  Zergling x2  
  191  31:16  Zergling x16  
  200  31:32  Hatchery  
  190  31:49  Drone x2  
  190  31:50  Drone x5  
  190  31:51  Drone x2  
  199  31:58  Brood Lord  
  197  32:06  Drone  
  198  32:19  Hatchery  
  197  32:30  Lurker x2  
  199  32:42  Extractor x2  
  189  33:01  Brood Lord  
  191  33:10  Drone x5  
  191  33:11  Drone  
  197  33:25  Lurker  
  197  33:26  Lurker  
  179  33:41  Infestor x4  
  179  33:42  Infestor  
  180  33:57  Hatchery  
  179  34:03  Drone x2  
  179  34:07  Zergling x12  
Show
View Real Time Build Order
Export as new Build Order

Reynor Protoss - Winner!

Build Orders: 1 Gate Expand, Oracle Opening, Phoenix Opening 

Get SALT Encoding   

  12  0:00  Probe  
  13  0:12  Probe  
  14  0:17  Pylon  
  14  0:24  Probe  
  15  0:36  Probe (Chrono Boost)  
  15  0:40  Gateway  
  16  0:46  Assimilator  
  16  0:48  Probe (Chrono Boost)  
  17  0:55  Probe (Chrono Boost)  
  18  1:03  Probe (Chrono Boost)  
  19  1:15  Probe (Chrono Boost)  
  20  1:26  Nexus  
  20  1:37  Cybernetics Core  
  20  1:39  Probe  
  21  1:50  Assimilator  
  21  1:51  Probe  
  22  1:57  Pylon  
  22  2:04  Probe  
  23  2:15  Adept  
  23  2:16  Probe  
  23  2:20  Stargate  
  26  2:28  Warp Gate, Probe (Chrono Boost)  
  27  2:39  Probe (Chrono Boost)  
  27  2:40  Probe (Chrono Boost)  
  29  2:45  Adept  
  29  2:47  Probe (Chrono Boost)  
  29  2:50  Probe (Chrono Boost)  
  32  2:54  Probe  
  34  3:00  Probe  
  34  3:03  Phoenix (Chrono Boost)  
  37  3:06  Probe  
  37  3:12  Probe  
  39  3:13  Gateway  
  39  3:18  Probe  
  40  3:25  Oracle (Chrono Boost)  
  40  3:26  Probe  
  41  3:30  Pylon  
  41  3:32  Probe  
  45  3:38  Probe  
  46  3:47  Nexus  
  46  3:49  Probe  
  46  3:50  Probe  
  48  3:55  Oracle (Chrono Boost)  
  48  4:01  Probe  
  52  4:05  Pylon, Probe  
  53  4:13  Probe  
  53  4:16  Assimilator  
  54  4:19  Assimilator  
  54  4:23  Probe  
  55  4:25  Probe  
  55  4:27  Oracle (Chrono Boost)  
  59  4:35  Probe  
  59  4:37  Probe  
  61  4:38  Pylon  
  61  4:44  Twilight Council, Forge  
  61  4:47  Probe  
  62  4:56  Gateway x2, Probe  
  62  4:59  Pylon  
  65  5:00  Probe x2 (Chrono Boost)  
  65  5:05  Sentry x2  
  69  5:12  Probe (Chrono Boost)  
  69  5:13  Protoss Ground Weapons Level 1 (Chrono Boost), Probe (Chrono Boost)  
  72  5:18  Probe (Chrono Boost)  
  72  5:20  Probe (Chrono Boost)  
  74  5:23  Blink, Probe (Chrono Boost)  
  74  5:24  Probe (Chrono Boost)  
  74  5:26  Probe  
  76  5:31  Stalker  
  76  5:33  Probe  
  76  5:34  Stalker  
  81  5:36  Probe  
  81  5:38  Probe  
  81  5:40  Pylon  
  83  5:45  Probe  
  84  5:50  Probe  
  84  5:53  Stalker x2  
  84  5:55  Probe  
  90  5:58  Nexus  
  90  5:59  Probe  
  90  6:01  Pylon  
  90  6:02  Probe  
  92  6:06  Robotics Facility  
  92  6:08  Probe  
  93  6:12  Stalker x2  
  93  6:14  Probe x2  
  93  6:17  Assimilator  
  99  6:19  Assimilator  
  99  6:20  Probe  
  99  6:23  Stalker x2  
  104  6:26  Pylon  
  104  6:27  Probe x2  
  106  6:37  Gateway  
  106  6:38  Gateway  
  106  6:40  Pylon  
  106  6:46  Probe  
  106  6:47  Probe x2  
  108  6:52  Stalker x4  
  117  6:59  Observer (Chrono Boost), Pylon, Probe x2  
  117  7:00  Pylon  
  120  7:06  Forge  
  120  7:08  Probe  
  121  7:10  Robotics Facility  
  121  7:11  Probe  
  121  7:13  Warp Prism (Chrono Boost)  
  121  7:15  Pylon  
  124  7:18  Probe  
  124  7:19  Protoss Ground Weapons Level 2 (Chrono Boost)  
  124  7:20  Probe x2  
  127  7:23  Shield Battery  
  127  7:26  Pylon  
  127  7:27  Probe  
  127  7:29  Templar Archives  
  128  7:34  Probe x2  
  128  7:35  Probe  
  128  7:36  Pylon  
  131  7:39  Assimilator, Probe  
  131  7:41  Assimilator  
  132  7:46  Probe x2  
  132  7:47  Stalker x4  
  132  7:49  Charge (Chrono Boost)  
  142  7:54  Stalker x2  
  146  8:01  Immortal  
  145  8:13  Zealot x4  
  145  8:17  Robotics Bay, Probe x2  
  145  8:18  Probe  
  156  8:20  Pylon  
  156  8:24  Probe  
  156  8:31  Photon Cannon  
  156  8:33  Photon Cannon  
  148  8:35  Photon Cannon  
  148  8:37  Shield Battery  
  148  8:38  Probe  
  148  8:40  Stalker x5  
  148  8:41  Stalker  
  155  8:57  Forge  
  155  9:00  Forge  
  155  9:02  Probe x3  
  156  9:03  Colossus x2 (Chrono Boost)  
  156  9:04  Pylon  
  156  9:07  Extended Thermal Lance  
  166  9:13  Zealot x5  
  174  9:20  Gateway  
  174  9:21  Gateway  
  164  9:38  Probe x2  
  167  9:40  Probe  
  167  9:44  Colossus (Chrono Boost)  
  174  9:46  Protoss Ground Weapons Level 3 (Chrono Boost)  
  173  9:54  Protoss Ground Armor Level 1 (Chrono Boost)  
  173  10:00  Pylon  
  173  10:01  Pylon  
  173  10:03  Pylon  
  173  10:04  Protoss Shields Level 1 (Chrono Boost)  
  173  10:12  Nexus  
  173  10:18  Nexus, Warp Prism, Probe  
  173  10:20  Pylon  
  176  10:22  Zealot x6  
  169  10:38  Stalker x3  
  169  10:40  Nexus, Pylon  
  175  10:45  High Templar x2  
  175  10:47  Immortal  
  179  10:52  Archon  
  179  10:54  Immortal (Chrono Boost), Probe x2  
  173  11:02  Gateway, Stalker x2  
  163  11:04  Gateway  
  163  11:05  High Templar  
  163  11:06  Probe  
  163  11:07  Gateway  
  160  11:19  High Templar x2, Photon Cannon  
  160  11:21  Shield Battery  
  166  11:25  Probe x2  
  166  11:26  Immortal (Chrono Boost)  
  166  11:30  Archon  
  166  11:31  High Templar  
  172  11:37  Probe  
  172  11:38  Probe x2  
  175  11:42  Immortal (Chrono Boost)  
  179  11:51  Zealot x2  
  179  11:52  Zealot x2  
  187  11:57  Immortal (Chrono Boost)  
  187  11:58  Robotics Facility, Zealot x2  
  187  12:00  Archon  
  195  12:12  Assimilator  
  183  12:26  Protoss Air Weapons Level 1 (Chrono Boost)  
  183  12:28  Zealot x7  
  191  12:32  Probe  
  191  12:34  Probe  
  191  12:36  Probe  
  180  12:49  Zealot x7  
  194  12:52  Protoss Shields Level 2 (Chrono Boost)  
  194  12:55  Immortal x2  
  196  13:07  Zealot x3  
  196  13:09  Protoss Ground Armor Level 2 (Chrono Boost)  
  196  13:16  Zealot x2  
  200  13:24  Stargate  
  200  13:26  Stargate  
  200  13:28  Fleet Beacon  
  200  13:38  Photon Cannon  
  200  13:40  Shield Battery  
  200  13:42  Photon Cannon  
  200  13:44  Photon Cannon  
  200  13:46  Pylon  
  200  14:06  Oracle (Chrono Boost)  
  200  14:07  Photon Cannon  
  197  14:10  Photon Cannon  
  195  14:18  High Templar x2  
  199  14:24  Archon  
  199  14:37  Observer (Chrono Boost)  
  197  14:44  Observer (Chrono Boost)  
  189  15:06  Nexus  
  185  15:09  Cybernetics Core  
  185  15:11  Gateway  
  185  15:12  Stalker x2  
  185  15:13  Stalker x5  
  199  15:15  Gateway, Pylon  
  199  15:16  Protoss Air Weapons Level 2 (Chrono Boost)  
  199  15:18  Pylon  
  199  15:25  Protoss Shields Level 3 (Chrono Boost), Assimilator  
  199  15:26  Assimilator  
  199  15:28  Pylon  
  199  15:35  Protoss Ground Armor Level 3 (Chrono Boost)  
  199  15:46  Photon Cannon  
  199  15:48  Photon Cannon  
  199  15:52  Photon Cannon  
  199  15:53  Photon Cannon  
  199  15:56  Shield Battery  
  199  15:57  Shield Battery  
  193  16:05  Zealot x3  
  193  16:07  Zealot  
  191  16:14  Observer  
  191  16:17  Zealot x3  
  191  16:23  High Templar x2  
  193  16:30  Photon Cannon x2  
  193  16:32  Photon Cannon, Archon  
  193  16:34  Photon Cannon  
  193  16:36  Protoss Air Armor Level 1 (Chrono Boost)  
  193  16:48  Zealot x3  
  193  16:50  Observer (Chrono Boost)  
  198  17:12  Assimilator  
  198  17:15  Probe x3  
  192  17:29  Nexus  
  192  17:31  Pylon  
  192  17:33  Pylon  
  190  17:38  Nexus  
  190  17:42  Pylon  
  190  17:50  High Templar x2  
  193  17:56  Archon  
  193  17:57  Protoss Air Weapons Level 3 (Chrono Boost)  
  189  18:08  Stargate  
  189  18:11  Warp Prism (Chrono Boost), Stargate  
  189  18:13  Stargate  
  189  18:16  Stargate  
  189  18:19  Pylon  
  185  18:21  Nexus  
  185  18:26  Pylon  
  183  18:43  Nexus  
  183  18:45  Pylon  
  172  18:49  Stalker x10  
  182  18:58  Stalker x2  
  184  19:08  Pylon  
  184  19:11  Gateway  
  184  19:12  Gateway  
  184  19:14  Gateway  
  184  19:15  Stalker x3  
  184  19:16  Gateway  
  190  19:18  Gateway x2  
  190  19:20  Gateway  
  190  19:22  Gateway  
  190  19:36  Protoss Air Armor Level 2  
  190  19:38  Photon Cannon  
  190  19:40  Photon Cannon  
  190  19:42  Photon Cannon  
  190  19:44  Shield Battery  
  178  19:56  Stalker x7  
  190  20:02  Probe x2  
  190  20:03  Probe x3  
  190  20:04  Assimilator  
  190  20:05  Assimilator  
  152  20:52  Stalker x2  
  152  20:53  Stalker x10  
  147  21:33  Zealot x7  
  147  21:34  Zealot x10  
  147  21:35  Zealot  
  147  21:39  Carrier x3 (Chrono Boost)  
  199  21:40  Carrier (Chrono Boost)  
  199  21:44  Carrier (Chrono Boost)  
  193  21:57  Pylon  
  181  22:06  Protoss Air Armor Level 3 (Chrono Boost)  
  183  22:09  High Templar x2, Assimilator  
  183  22:14  Mothership (Chrono Boost)  
  185  22:17  High Templar x2  
  185  22:22  Zealot  
  181  22:23  Archon  
  181  22:24  Archon  
  183  22:38  Zealot x7  
  183  22:39  Carrier (Chrono Boost), Zealot x2, Phoenix (Chrono Boost)  
  183  22:40  Probe x3  
  183  22:41  Assimilator  
  183  22:42  Observer (Chrono Boost)  
  183  22:43  Observer (Chrono Boost)  
  199  22:46  Photon Cannon  
  199  22:48  Shield Battery  
  199  23:07  Pylon  
  199  23:10  Psionic Storm  
  191  23:33  Zealot x4  
  199  23:41  Zealot x5  
  184  23:52  Zealot x9  
  187  24:01  Probe x4  
  189  24:03  High Templar x4  
  197  24:12  Nexus  
  197  24:13  Zealot, Photon Cannon  
  176  24:45  High Templar x3  
  170  24:46  High Templar  
  170  24:49  Probe x2  
  170  24:50  Probe  
  170  24:52  High Templar x2, Archon x2  
  163  24:54  Observer x2 (Chrono Boost)  
  181  25:01  Void Ray x3  
  181  25:02  Void Ray x2  
  181  25:12  Observer x2 (Chrono Boost)  
  180  25:32  Zealot x5  
  180  25:33  High Templar x4  
  198  25:41  Archon x2  
  190  25:43  Zealot x5  
  196  25:54  Probe x4  
  188  26:21  High Templar x7  
  184  26:33  Archon x3  
  152  26:54  Stalker x8  
  152  26:55  Stalker x10  
  172  27:17  Zealot x9  
  172  27:18  Zealot  
  172  27:19  Zealot x3  
  172  27:20  Zealot  
  131  27:44  Probe x4  
  131  27:50  Assimilator  
  130  27:51  Assimilator  
  130  27:53  Zealot x2  
  134  28:00  High Templar x6  
  134  28:01  High Templar x2  
  134  28:02  Zealot x10  
  134  28:04  Archon x3  
  134  28:05  Archon  
  170  28:09  Photon Cannon  
  170  28:11  Shield Battery  
  172  28:13  Observer x2 (Chrono Boost)  
  172  28:23  Probe x3  
  172  28:24  Probe x2  
  177  28:27  High Templar x2  
  181  28:45  Pylon  
  173  29:05  Nexus  
  173  29:15  Nexus  
  167  29:35  Tempest x2 (Chrono Boost)  
  167  29:37  Tempest (Chrono Boost)  
  176  29:46  Stalker x5  
  176  29:47  Photon Cannon, Probe  
  176  29:48  Probe x4  
  176  29:49  Photon Cannon  
  176  29:50  Shield Battery  
  191  29:52  Assimilator  
  191  29:53  Assimilator  
  191  29:55  Pylon  
  191  29:57  Pylon  
  191  29:59  High Templar  
  193  30:00  High Templar  
  193  30:04  Probe x3  
  193  30:05  Shield Battery  
  198  30:09  Nexus  
  198  30:10  Pylon  
  198  30:18  Probe x2  
  198  30:56  High Templar x2  
  200  31:03  Archon  
  200  31:06  Nexus  
  200  31:08  Assimilator  
  200  31:09  Pylon  
  200  31:10  Assimilator  
  194  31:33  Observer  
  192  31:40  Photon Cannon  
  192  31:42  Photon Cannon  
  192  31:43  Photon Cannon  
  192  31:45  Observer (Chrono Boost)  
  192  31:46  Observer (Chrono Boost)  
  183  31:48  Immortal (Chrono Boost)  
  187  32:06  Photon Cannon  
  187  32:09  Photon Cannon  
  187  32:20  Immortal x2 (Chrono Boost)  
  187  32:21  Shield Battery  
  187  32:22  Shield Battery  
  187  32:24  Shield Battery  
  187  32:25  Shield Battery  
  187  32:27  Pylon  
  187  32:29  High Templar x2  
  199  32:36  Archon  
  196  32:40  Assimilator  
  196  32:41  Assimilator  
  182  33:19  Nexus, Pylon  
  182  33:26  Shield Battery  
  182  33:27  Shield Battery  
  182  33:30  Pylon  
  170  33:57  Stalker x15  
  170  33:58  Stalker x2  
Tags
 
Add a new tag
Caveats
  • Supply blocks, unpowered buildings, or Contaminate may cause inaccurate times.
  • Supply counts are checked every 10 seconds.